 Dungeon Crawl Stone Soup version 0.19-a0-1772-g09c4438 (webtiles) character file.

88790 Firebatgyro the Brawler (level 15, -7/159 HPs)
             Began as a Troll Monk on Oct 4, 2016.
             Was the Champion of Wudzu.
             Mangled by an iron troll simulacrum (17 damage)
             ... in an ice cave.
             The game lasted 00:46:56 (18094 turns).

Firebatgyro the Brawler (Troll Monk)               Turns: 18094, Time: 00:46:57

Health: -7/159     AC: 25    Str: 28    XL:     15   Next: 47%
Magic:  21/21      EV: 16    Int:  4    God:    Wudzu [******]
Gold:   1583       SH: 13    Dex: 12    Spells: 4 memorised, 4 levels left

rFire  . . .     SeeInvis +       - Unarmed
rCold  . . .     Gourm    +     (armour unavailable)
rNeg   + . .     Faith    .     J - +2 shield {AC+3}
rPois  .         Spirit   .     l - +1 hat
rElec  .         Dismiss  .     a - +0 cloak (curse)
rCorr  .         Reflect  .     (gloves unavailable)
MR     ++++.     Harm     .     (boots unavailable)
Stlth  +......... Clarity  +    G - amulet of the Four Winds {rN+ MR+++ Clar}
                                m - ring of see invisible
                                L - ring of Robustness {AC+8}

@: no status effects
A: unfitting armour, claws 3, repulsion field 1, dopey 1, fast metabolism 3,
gourmand, regeneration 2, shaggy fur 1, tough skin 2
a: Summon Vines, Briar Patch, Renounce Religion


You were in an ice cave.
You worshipped Wudzu.
Wudzu was exalted by your worship.
You were full.

You visited 5 branches of the dungeon, and saw 27 of its levels.
You also visited: Sewer, Ossuary and Ice Cave.

You collected 2002 gold pieces.
You spent 419 gold pieces at shops.

Inventory:

Missiles
 I - 7 steel tomahawks (quivered)
 N - 12 javelins
Armour
 a - a cursed +0 cloak (worn)
 l - a +1 hat (worn)
 J - a +2 shield of protection (worn)
Jewellery
 m - a ring of see invisible (right claw)
 y - an uncursed amulet of magic regeneration
 G - the amulet of the Four Winds (around neck) {rN+ MR+++ Clar}
   (You found it on level 8 of the Dungeon)

   [amulet of nothing]

   It protects you from negative energy.
   It affects your resistance to hostile enchantments.
   It protects you against confusion.
 L - the ring of Robustness (left claw) {AC+8}
   (You found it on level 11 of the Dungeon)

   [ring of protection]

   It affects your AC (+8).
 S - an uncursed ring of ice
 U - an uncursed ring of wizardry
Wands
 k - a wand of digging (12/24)
 s - a wand of iceblast (2/15)
 M - a wand of iceblast (8/15)
 W - a wand of disintegration (11/24)
Scrolls
 d - 16 scrolls of identify
 h - 5 scrolls of enchant weapon
 i - 14 scrolls of remove curse
 p - 3 scrolls of recharging
 u - 3 scrolls of fear
 w - 3 scrolls of fog
 C - 4 scrolls of teleportation
 D - 3 scrolls of enchant armour
 F - a scroll of blinking
 P - 2 scrolls of amnesia
Potions
 e - 11 potions of curing
 g - 4 potions of agility
 n - 2 potions of brilliance {unknown}
 q - 3 potions of berserk rage {unknown}
 r - 11 potions of heal wounds {unknown}
 t - 4 potions of haste
 x - 5 potions of lignification
 z - 3 potions of flight {unknown}
 A - 2 potions of ambrosia {unknown}
 H - 5 potions of might {unknown}
 K - a potion of experience {unknown}
 O - 2 potions of resistance
 V - a potion of mutation
 X - 2 potions of beneficial mutation {unknown}
Comestibles
 b - 13 bread rations
 c - 12 meat rations
 f - 5 beef jerkies
 j - 3 royal jellies
 B - 9 slices of pizza
 T - 28 fruits


   Skills:
 + Level 13.0 Fighting
 + Level 9.8 Dodging
 - Level 1.1 Stealth
 - Level 7.1 Shields
 + Level 15.1 Unarmed Combat
 + Level 10.4 Invocations


You had 4 spell levels left.
You knew the following spells:

 Your Spells              Type           Power        Failure   Level  Hunger
a - Confusing Touch       Hex            #.....       82%         1    ##.....
b - Apportation           Tloc           #.........   82%         1    ##.....
c - Invisibility          Hex            #.......     100%        6    #######
d - Swiftness             Chrm/Air       #.......     95%         2    ###....


Dungeon Overview and Level Annotations

Branches:
Dungeon (14/15)            Temple (1/1) D:5            Lair (6/6) D:11
  Swamp (4/4) Lair:3        Snake (0/4) Lair:2        Slime (0/5) Lair:5
    Orc (2/2) D:11            Elf (0/3) Orc:2        Vaults (0/5) D:14

Altars:
Dithmenos
Elyvilon
Gozag
Nemelex Xobeh
Qazlal
Sif Muna
Uskayaw Wudzu
Jiyva

Shops:
D:11 *   D:14 (   Orc:1 %   Orc:2 :*((!

Portals:
Trove: D:13 (give +5 demon whip)


Innate Abilities, Weirdness & Mutations

You are too large for most types of armour.
You have claws for hands.
Your metabolism is lightning-fast.
You like to eat raw meat.
You heal very quickly.
You are covered in fur. (AC +1)
You have very tough skin. (AC +2)
You are surrounded by a mild repulsion field. (EV +2)
You are dopey. (Int -2)


Message History

You scratch the ettin simulacrum but do no damage.
The ettin simulacrum is moderately damaged.
You block the ettin simulacrum's attack.
The ettin simulacrum completely misses you.
You mangle the ettin simulacrum!!
The ettin simulacrum is severely damaged.
You mangle the ettin simulacrum!!
The ettin simulacrum vapourises!
Wudzu accepts your kill.
You scratch the iron troll simulacrum but do no damage.
You scratch the iron troll simulacrum but do no damage.
You scratch the iron troll simulacrum.
The iron troll simulacrum is lightly damaged.
The iron troll simulacrum bites you!
The iron troll simulacrum freezes you!!!
* * * LOW HITPOINT WARNING * * *
The iron troll simulacrum claws you.
* * * LOW HITPOINT WARNING * * *
The iron troll simulacrum freezes you!
You die...

##.....##
##.......##
#.........#
#.........#
#.........#
#.........#
#.........#
#####Z#####
#[(..@..)(#
#.รท.......#
#........)#
#.........#
#.........#
##.......##
##.....##
###.###
##.....##


You could see an iron troll simulacrum.

Vanquished Creatures
  An azure jelly (Swamp:4)
  2 orc warlords
  Louise (Swamp:1)
  A stone giant (Orc:1)
  2 very ugly things (IceCv)
  The ghost of frogmouthbird the Brawler, a journeyman TrFi of Wudzu (Lair:3)
  An ice dragon (Swamp:4)
  2 vault guards (D:14)
  A naga warrior (Lair:2)
  3 hydras
  Erica (Orc:1)
  An alligator (Swamp:4)
  Urug (Orc:1)
  4 death yaks (Lair:4)
  4 orc high priests (Orc:2)
  An unseen horror (D:12)
  A swamp dragon (Swamp:3)
  7 hill giants
  5 orc knights
  2 necromancers (D:14)
  A deep elf mage (D:13)
  4 orc sorcerers (Orc:2)
  2 manticores
  6 ugly things
  3 elephants (Lair:2)
  5 black mambas
  A torpor snail (Lair:5)
  5 ice statues (IceCv)
  18 spiny frogs
  2 kobold demonologists
  11 komodo dragons
  2 rime drakes
  An efreet (D:13)
  An anaconda simulacrum (IceCv)
  A golden dragon simulacrum (IceCv)
  A tengu conjurer (D:14)
  8 trolls
  4 two-headed ogres
  Prince Ribbit (D:6)
  A slime creature (Lair:1)
  5 tyrant leeches
  4 blink frogs (Lair:1)
  5 hippogriffs
  A shadow (D:13)
  A water elemental (D:13)
  54 yaks
  3 wyverns
  4 hogs (D:7)
  A wraith (D:14)
  4 basilisks
  21 humans
  2 hungry ghosts
  Grum (D:10)
  14 vampire mosquitoes
  2 swamp worm simulacra (Swamp:4)
  An iron troll simulacrum (IceCv)
  6 wargs
  A harpy simulacrum (IceCv)
  4 swamp worms
  2 hydra simulacra (IceCv)
  9 water moccasins
  5 porcupines
  33 orc warriors
  5 sky beasts
  2 black bears
  A wasp (Swamp:2)
  2 eyes of draining
  3 phantoms
  A swamp drake (Swamp:1)
  9 ice beasts
  A necrophage (D:12)
  18 wolves
  2 ettin simulacra (IceCv)
  8 ogres
  17 centaurs
  13 crocodiles
  6 elf zombies (Ossuary)
  2 big kobolds (D:11)
  A gnoll sergeant (D:11)
  27 bullfrogs
  A wyvern skeleton (D:7)
  6 scorpions
  4 killer bees (D:10)
  10 wights
  10 electric eels
  5 crimson imps
  4 howler monkeys
  A bullfrog zombie (D:5)
  5 hounds
  5 centaur zombies
  3 human zombies (Ossuary)
  8 jellies
  A bullfrog skeleton (D:6)
  17 orc priests
  6 centaur skeletons
  16 iguanas
  30 orc wizards
  15 worker ants
  A hound zombie (D:7)
  3 mummies (Ossuary)
  A howler monkey zombie (D:6)
  A worker ant zombie (D:8)
  8 gnolls
  A howler monkey skeleton (D:6)
  10 adders
  43 river rats
  5 shadow imps
  17 oozes
  2 swamp drake simulacra (Swamp:4)
  An adder zombie (D:7)
  An adder skeleton (D:8)
  3 worms
  2 dart slugs
  4 leopard geckos
  105 orcs
  15 giant cockroaches
  A gnoll zombie (D:4)
  9 goblins
  3 hobgoblins
  13 jackals
  5 quokkas
  4 ball pythons
  13 bats
  6 frilled lizards
  A hobgoblin zombie (D:4)
  A jackal skeleton (D:8)
  8 kobolds
  4 rats
  A fungus (Lair:6)
  2 plants (Lair:6)
862 creatures vanquished.

Vanquished Creatures (collateral kills)
  A rime drake (Lair:3)
1 creature vanquished.

Vanquished Creatures (others)
  An orc (Orc:2)
  16 fungi
  11 plants (Lair:6)
28 creatures vanquished.

Grand Total: 891 creatures vanquished

Notes
Turn   | Place    | Note
-------+----------+-------------------------------------------
     0 | D:1      | Firebatgyro the Troll Monk began the quest for the Orb.
     0 | D:1      | Reached XP level 1. HP: 22/22 MP: 0/0
   246 | D:1      | Reached XP level 2. HP: 29/29 MP: 1/1
   579 | D:2      | Reached XP level 3. HP: 37/37 MP: 2/2
  1011 | D:2      | Reached skill level 4 in Unarmed Combat
  1080 | D:2      | Found a sparkling altar of Nemelex Xobeh.
  1233 | D:3      | Reached XP level 4. HP: 40/45 MP: 3/3
  1237 | D:3      | Found a glowing drain.
  1287 | Sewer    | Entered a sewer
  1458 | D:3      | You fall through a shaft for 2 floors!
  1458 | D:5      | Entered Level 5 of the Dungeon
  1532 | D:5      | Found a shadowy altar of Dithmenos.
  1532 | D:5      | Noticed an ogre
  1570 | D:5      | Killed an ogre
  1570 | D:5      | Reached XP level 5. HP: 34/54 MP: 4/4
  1658 | D:4      | Found a sand-covered staircase.
  1685 | Ossuary  | Entered an ossuary
  1711 | Ossuary  | Reached skill level 5 in Unarmed Combat
  1726 | Ossuary  | Reached XP level 6. HP: 19/63 MP: 5/5
  1743 | Ossuary  | HP: 3/63 [elf zombie (7)]
  1883 | Ossuary  | Reached skill level 5 in Fighting
  1887 | Ossuary  | Reached XP level 7. HP: 64/72 MP: 6/6
  1904 | Ossuary  | Reached skill level 6 in Unarmed Combat
  2268 | D:4      | Reached skill level 7 in Unarmed Combat
  2328 | D:4      | Reached XP level 8. HP: 80/83 MP: 7/7
  2519 | D:5      | Found a staircase to the Ecumenical Temple.
  2519 | D:5      | Found a hide-covered altar of Uskayaw.
  2523 | Temple   | Entered the Ecumenical Temple
  2537 | Temple   | Became a worshipper of Wudzu the Untamed
  2537 | Temple   | Reached * piety under Wudzu
  2537 | Temple   | Reached ** piety under Wudzu
  2845 | D:5      | Reached skill level 8 in Unarmed Combat
  2990 | D:5      | Gained mutation: You are dopey. (Int -2) [mutagenic meat]
  2993 | D:5      | Gained mutation: You are surrounded by a mild repulsion field. (EV +2) [mutagenic meat]
  2996 | D:5      | Gained mutation: You heal very quickly. [mutagenic meat]
  3035 | D:6      | Noticed Prince Ribbit
  3043 | D:6      | Killed Prince Ribbit
  3184 | D:6      | Reached XP level 9. HP: 93/93 MP: 8/8
  3198 | D:6      | Reached skill level 9 in Unarmed Combat
  3440 | D:6      | Reached *** piety under Wudzu
  3786 | D:7      | Found a white marble altar of Elyvilon.
  3911 | D:7      | Reached skill level 10 in Unarmed Combat
  4384 | D:8      | Reached XP level 10. HP: 85/107 MP: 9/9
  4663 | D:8      | Found a deep blue altar of Sif Muna.
  4706 | D:8      | Reached skill level 11 in Unarmed Combat
  4711 | D:8      | Reached **** piety under Wudzu
  5407 | D:9      | Reached skill level 1 in Invocations
  5609 | D:10     | Entered Level 10 of the Dungeon
  5609 | D:10     | Noticed Grum
  5634 | D:10     | Killed Grum
  5759 | D:10     | Noticed a hill giant
  5766 | D:10     | Killed a hill giant
  5873 | D:10     | Noticed a hill giant
  5880 | D:10     | Killed a hill giant
  5880 | D:10     | Reached skill level 10 in Fighting
  5880 | D:10     | Reached XP level 11. HP: 81/117 MP: 12/12
  6025 | D:10     | Noticed a hill giant
  6030 | D:10     | Killed a hill giant
  6045 | D:11     | Found Veyklien's Assorted Antiques.
  6047 | D:11     | Found a staircase to the Lair.
  6075 | D:11     | Bought a scroll labeled LUORAPRA DAAFF for 24 gold pieces
  6075 | D:11     | Bought a scroll labeled CAPPUU PAUGH for 24 gold pieces
  6075 | D:11     | Identified a scroll of acquirement
  6092 | Lair:1   | Entered Level 1 of the Lair of Beasts
  6210 | Lair:1   | Reached ***** piety under Wudzu
  6280 | Lair:1   | Reached skill level 1 in Shields
  6361 | Lair:1   | Reached skill level 12 in Unarmed Combat
  6637 | Lair:1   | Reached skill level 5 in Dodging
  6956 | Lair:2   | Reached skill level 5 in Invocations
  7084 | Lair:2   | Reached XP level 12. HP: 15/128 MP: 14/14
  7164 | Lair:2   | Found a staircase to the Snake Pit.
  7242 | Lair:2   | Noticed a naga warrior
  7298 | Lair:2   | Reached ****** piety under Wudzu
  7318 | Lair:2   | Killed a naga warrior
  8281 | Lair:3   | Noticed frogmouthbird's ghost (journeyman TrFi)
  8304 | Lair:3   | Killed frogmouthbird's ghost
  8543 | Lair:3   | Found a staircase to the Swamp.
  8582 | Lair:3   | Learned a level 1 spell: Confusing Touch
  8588 | Lair:3   | Learned a level 1 spell: Apportation
  8596 | Lair:3   | Learned a level 6 spell: Invisibility
  9147 | Lair:4   | Noticed a death yak
  9149 | Lair:4   | Noticed a death yak
  9149 | Lair:4   | Noticed a death yak
  9149 | Lair:4   | Noticed a death yak
  9185 | Lair:4   | Killed a death yak
  9191 | Lair:4   | Killed a death yak
  9191 | Lair:4   | Reached skill level 13 in Unarmed Combat
  9198 | Lair:4   | Killed a death yak
  9206 | Lair:4   | Killed a death yak
  9480 | Lair:4   | Reached skill level 5 in Shields
  9492 | Lair:4   | Reached XP level 13. HP: 133/137 MP: 17/17
 10003 | Lair:5   | Found a viscous altar of Jiyva.
 10003 | Lair:5   | Found a staircase to the Slime Pits.
 10285 | Lair:6   | Entered Level 6 of the Lair of Beasts
 10561 | Lair:6   | HP: 4/137 [12-headed hydra (9)]
 11900 | D:11     | Found a staircase to the Orcish Mines.
 11933 | Orc:1    | Entered Level 1 of the Orcish Mines
 11940 | Orc:1    | Noticed an orc warlord
 12254 | D:11     | Killed an orc warlord
 12398 | Orc:1    | Reached XP level 14. HP: 140/148 MP: 19/19
 12464 | Orc:1    | Found Fiqugila's Food Emporium.
 12469 | Orc:1    | Noticed Urug
 12482 | Orc:1    | Killed Urug
 12566 | Orc:1    | Noticed Erica
 12566 | Orc:1    | Noticed a stone giant
 12572 | Orc:1    | Killed Erica
 12578 | Orc:1    | Killed a stone giant
 12631 | Orc:1    | Noticed an orc warlord
 12668 | Orc:1    | Killed an orc warlord
 12668 | Orc:1    | Reached skill level 14 in Unarmed Combat
 12895 | Orc:2    | Entered Level 2 of the Orcish Mines
 13048 | Orc:2    | Found Wisch's Distillery.
 13062 | Orc:2    | Bought a potion of mutation for 35 gold pieces
 13062 | Orc:2    | Bought a potion of lignification for 42 gold pieces
 13062 | Orc:2    | Bought a potion of degeneration for 14 gold pieces
 13062 | Orc:2    | Bought 2 potions of haste for 280 gold pieces
 13490 | Orc:2    | Found a staircase to the Elven Halls.
 13990 | Orc:2    | Found Noreock's Book Boutique.
 13990 | Orc:2    | Found Zarghot's Weapon Emporium.
 13992 | Orc:2    | Found Edal's Assorted Antiques.
 13992 | Orc:2    | Found Ijeydgh's Weapon Emporium.
 15289 | D:13     | Found a portal to a secret trove of treasure.
 15483 | D:13     | Found an opulent altar of Gozag.
 16035 | D:14     | Found Joce's Weapon Boutique.
 16648 | D:14     | Reached XP level 15. HP: 158/158 MP: 21/21
 16748 | D:14     | Learned a level 2 spell: Swiftness
 16769 | D:14     | Found a gate to the Vaults.
 16785 | D:14     | Reached skill level 10 in Invocations
 17271 | Swamp:1  | Entered Level 1 of the Swamp
 17309 | Swamp:1  | Noticed Louise
 17349 | Swamp:1  | Killed Louise
 17518 | Swamp:4  | Entered Level 4 of the Swamp
 17651 | Swamp:4  | Noticed an azure jelly
 17654 | Swamp:4  | Reached skill level 15 in Unarmed Combat
 17666 | Swamp:4  | Killed an azure jelly
 17680 | Swamp:4  | Found a frozen archway.
 17766 | IceCv    | Entered an ice cave
 18094 | IceCv    | Mangled by an iron troll simulacrum

Vault maps used:
D:1:      minmay_arrival_pointy, st_stairs_8, kennysheep_nondescript
D:2:      nemelex_xobeh_ov_fountains_minmay, first_bread
D:3:      gammafunk_temple_overflow_statue, cheibriados_altar_1,
          gup_sewer_entry_pipe
D:4:      enter_ossuary_3
D:5:      nicolae_dithmenos_shadow_blocks, eat_drink_and_be_merry_uskayaw
D:6:      old_forge, uniq_prince_ribbit1
D:7:      nicolae_overflow_crystal_walls, grunt_livestock
D:8:      led_sif_pool
D:10:     uniq_grum
D:11:     lair_0_dummy, hiddenorc2_lemuel, serial_shops, shop,
          serial_park_tiny_2
D:13:     basic_altar, enter_trove_0
D:14:     grunt_vaults_entry_tiered, hangedman_abyss_or_decor_stabs,
          serial_shops, shop
Temple:   dpeg_chambers_temple
Lair:1:   lemuel_slime
Lair:2:   beast_lair_carwin_large_1, grunt_forest_large_clearings,
          grunt_megastairs_5
Lair:3:   minmay_swamp_entry_worms, nicolae_lair_grove_arrangements,
          lemuel_fruit_fields
Lair:4:   grunt_megastairs_1
Lair:5:   dpeg_slime_entry_enclosed_altar, patterned_corridor,
          lemuel_fruit_fields, grunt_megastairs_2
Lair:6:   minmay_lair_end_frog_pond
Swamp:1:  evilmike_swamp_ruin_house_3, uniq_louise
Swamp:2:  evilmike_swamp_ruin_house_6
Swamp:3:  evilmike_swamp_ruin_house_2, swamp_pool5,
          nicolae_swamp_very_dense_foliage, infiniplex_staircase_pool
Swamp:4:  swamp_icy, portal_ice_cave_entry_dragon, swamp_pool5
Orc:1:    serial_shops, nicolae_shop_waterfront, uniq_urug, uniq_erica
Orc:2:    grunt_orc_tribal_feast, serial_shops, shop
Sewer:    sewer_co_purgy_island
Ossuary:  ossuary_minmay_four_chambers
IceCv:    ice_cave_statue_garden_chambered

Skill      XL: |  1  2  3  4  5  6  7  8  9 10 11 12 13 14 15 |
---------------+----------------------------------------------+-----
Fighting       | 3 4 5 6 7 9 10 11 12 13 | 13.0
Unarmed Combat | 4 5 7 8 10 11 12 13 14 15 | 15.1
Invocations    | 3 5 6 8 9 10 | 10.4
Dodging        | 3 5 6 7 9 |  9.8
Shields        | 3 5 6 7 |  7.1
Stealth        | |  1.1

Action                   |  1- 3 |  4- 6 |  7- 9 | 10-12 | 13-15 || total
-------------------------+-------+-------+-------+-------+-------++-------
Melee: Unarmed           |   113 |   133 |   291 |   647 |  1345 ||  2529
       Punch             |       |     4 |    12 |     2 |       ||    18
Throw: Tomahawk          |       |       |       |     3 |       ||     3
Invok: Vestment of Thorn |       |       |     1 |       |       ||     1
       Regalia of Thorns |       |       |       |     1 |       ||     1
       Summon Vines      |       |       |       |     1 |     3 ||     4
       Briar Patch       |       |       |       |       |     1 ||     1
  Use: Potion            |       |     2 |       |       |     3 ||     5
       Scroll            |       |       |    14 |     3 |     6 ||    23
 Stab: Sleeping          |     4 |     1 |     2 |     1 |     2 ||    10
       Distracted        |     1 |       |       |       |       ||     1
       Confused          |       |       |       |       |     1 ||     1
  Eat: Chunk             |    14 |     9 |    25 |    47 |    82 ||   177
Armor: Robe              |    62 |    36 |    17 |       |       ||   115
       Skin              |       |       |    43 |   109 |   294 ||   446
Dodge: Dodged            |    73 |    50 |    82 |   219 |   507 ||   931
Block: Shield            |       |       |       |   180 |   697 ||   877
